Map: Frozen Temple

Players

llllllllllll

  • Race: Protoss Protoss
  • League: Diamond

Xergxes - Winner!

  • Race: Zerg Zerg
  • League: Diamond

VOD

Have the link to the VOD?

Description

Time

  • Played on: Oct. 8, 2016, 8:52 p.m.
  • Length: 22:10
Show
View Real Time Build Order
Export as new Build Order

llllllllllll Protoss 

Build Orders: 1 Gate Expand 

Get SALT Encoding   

  12  0:01  Probe (Chrono Boost)  
  13  0:11  Probe (Chrono Boost)  
  14  0:22  Probe (Chrono Boost)  
  14  0:23  Pylon  
  15  0:42  Probe (Chrono Boost), Gateway  
  16  0:52  Probe (Chrono Boost)  
  17  1:00  Assimilator  
  17  1:05  Assimilator  
  17  1:09  Probe (Chrono Boost)  
  18  1:20  Probe (Chrono Boost)  
  19  1:30  Probe (Chrono Boost)  
  20  1:38  Nexus  
  20  1:41  Probe (Chrono Boost)  
  21  1:50  Cybernetics Core  
  21  1:52  Probe (Chrono Boost)  
  22  2:01  Pylon  
  22  2:04  Probe (Chrono Boost)  
  23  2:19  Probe (Chrono Boost)  
  23  2:22  Zealot  
  26  2:33  Probe (Chrono Boost)  
  29  2:45  Zealot  
  29  2:47  Mothership Core (Chrono Boost)  
  31  2:52  Pylon  
  31  2:56  Probe (Chrono Boost)  
  33  3:07  Probe (Chrono Boost)  
  33  3:08  Forge  
  33  3:21  Probe (Chrono Boost)  
  33  3:23  Probe (Chrono Boost), Assimilator  
  33  3:24  Assimilator  
  35  3:33  Stargate  
  36  3:35  Probe (Chrono Boost)  
  36  3:37  Stargate  
  37  3:41  Probe (Chrono Boost)  
  37  3:45  Stargate  
  35  4:19  Photon Cannon  
  35  4:21  Oracle x2  
  35  4:22  Pylon  
  35  4:23  Probe (Chrono Boost)  
  42  4:29  Oracle  
  42  4:32  Photon Cannon  
  42  4:34  Probe (Chrono Boost)  
  46  4:39  Pylon  
  46  4:43  Pylon  
  47  4:47  Probe (Chrono Boost)  
  47  4:49  Probe (Chrono Boost)  
  48  4:59  Probe (Chrono Boost)  
  49  5:02  Probe (Chrono Boost)  
  49  5:06  Oracle  
  53  5:10  Oracle  
  56  5:17  Oracle  
  59  5:43  Pylon  
  59  5:48  Photon Cannon  
  59  5:54  Oracle  
  59  5:58  Oracle x2  
  59  6:03  Photon Cannon  
  68  6:06  Probe x2 (Chrono Boost)  
  68  6:11  Pylon  
  69  6:18  Probe (Chrono Boost)  
  69  6:25  Oracle  
  72  6:34  Oracle  
  72  6:35  Probe x2 (Chrono Boost)  
  77  6:46  Oracle  
  79  6:47  Probe x2 (Chrono Boost)  
  82  6:56  Pylon  
  82  6:59  Probe x2 (Chrono Boost)  
  84  7:02  Nexus  
  84  7:11  Probe x2 (Chrono Boost)  
  88  7:23  Probe (Chrono Boost), Fleet Beacon  
  88  7:24  Probe (Chrono Boost)  
  88  7:36  Void Ray  
  88  7:37  Void Ray  
  90  8:01  Void Ray  
  91  8:19  Void Ray x2  
  91  8:26  Probe (Chrono Boost)  
  100  8:37  Probe (Chrono Boost)  
  100  8:38  Photon Cannon  
  100  8:40  Pylon  
  101  8:42  Assimilator  
  101  8:43  Assimilator, Void Ray  
  105  9:02  Void Ray  
  109  9:11  Void Ray  
  113  9:20  Void Ray  
  113  9:27  Photon Cannon  
  113  9:29  Photon Cannon  
  113  9:31  Photon Cannon  
  117  9:32  Pylon  
  117  10:07  Carrier x2  
  129  10:21  Graviton Catapult  
  129  10:28  Carrier  
  129  10:31  Nexus  
  129  10:32  Pylon  
  129  11:33  Carrier  
  129  11:34  Photon Cannon  
  129  11:36  Photon Cannon  
  129  11:38  Photon Cannon  
  129  11:39  Carrier  
  135  11:40  Pylon  
  135  11:41  Photon Cannon  
  135  11:43  Carrier  
  141  11:58  Pylon  
  130  12:57  Carrier  
  130  12:59  Carrier  
  130  13:04  Probe (Chrono Boost)  
  130  13:05  Probe (Chrono Boost), Carrier  
  152  13:13  Mothership Core (Chrono Boost)  
  152  13:14  Probe (Chrono Boost)  
  152  13:16  Probe (Chrono Boost)  
  154  13:25  Probe (Chrono Boost)  
  154  13:26  Probe (Chrono Boost)  
  156  13:29  Pylon  
  156  13:31  Photon Cannon  
  156  13:32  Pylon  
  156  13:35  Probe (Chrono Boost)  
  156  13:37  Probe (Chrono Boost)  
  156  13:38  Assimilator  
  156  13:40  Assimilator  
  158  13:46  Probe (Chrono Boost)  
  159  13:56  Probe (Chrono Boost)  
  160  14:07  Probe (Chrono Boost)  
  161  14:12  Carrier  
  167  14:24  Carrier  
  167  14:26  Twilight Council  
  167  14:31  Carrier  
  161  15:26  Carrier  
  167  15:50  Carrier  
  167  15:56  Carrier  
  179  16:22  Dark Shrine  
  179  16:24  Warp Gate, Gateway  
  179  16:25  Gateway  
  179  16:28  Gateway  
  179  16:31  Gateway  
  143  16:41  Carrier  
  149  17:15  Gateway  
  149  17:16  Carrier  
  149  17:18  Pylon  
  149  17:20  Pylon  
  149  17:22  Carrier  
  155  18:07  Carrier  
  155  18:10  Photon Cannon  
  155  18:12  Photon Cannon  
  161  18:13  Photon Cannon, Nexus  
  161  18:28  Dark Templar  
  161  18:29  Dark Templar x4  
  171  18:41  Carrier  
  171  18:48  Carrier  
  173  19:03  Dark Templar  
  173  19:04  Dark Templar x4  
  174  19:36  Dark Templar  
  174  19:37  Dark Templar x2  
  174  19:38  Dark Templar  
  182  19:46  Assimilator  
Show
View Real Time Build Order
Export as new Build Order

Xergxes Zerg - Winner!

Build Orders: Hatch First 

Get SALT Encoding   

  12  0:02  Drone  
  13  0:14  Overlord  
  13  0:18  Drone  
  14  0:24  Extractor  
  14  0:25  Drone  
  15  0:32  Drone  
  16  0:40  Drone  
  17  0:47  Drone  
  18  1:03  Hatchery  
  17  1:13  Extractor  
  17  1:18  Spawning Pool, Drone x2  
  16  1:25  Drone  
  18  1:38  Drone  
  19  1:41  Drone  
  20  1:50  Hatchery  
  20  1:52  Drone  
  20  2:15  Drone x2  
  22  2:19  Drone  
  22  2:20  Queen  
  25  2:23  Queen  
  25  2:28  Metabolic Boost  
  27  2:38  Drone  
  27  2:42  Overlord  
  28  3:00  Evolution Chamber  
  28  3:02  Evolution Chamber  
  28  3:03  Drone x6  
  32  3:07  Queen  
  34  3:15  Drone x3  
  34  3:19  Zergling x2  
  38  3:26  Roach Warren  
  37  3:29  Queen  
  37  3:33  Zergling x2  
  37  3:34  Zergling x2  
  41  3:36  Zergling x2  
  42  3:44  Overlord  
  42  3:49  Extractor  
  39  4:07  Drone x11  
  50  4:18  Overlord x2  
  50  4:20  Zerg Missile Weapons Level 1  
  50  4:27  Extractor  
  50  4:29  Drone  
  50  4:30  Extractor  
  49  4:31  Overlord  
  49  4:32  Drone  
  50  4:39  Queen  
  52  4:51  Queen, Drone  
  52  4:52  Drone x6  
  61  4:58  Lair  
  61  4:59  Drone  
  62  5:00  Drone x4  
  66  5:07  Drone  
  66  5:09  Zerg Ground Armor Level 1  
  67  5:26  Drone x4  
  67  5:27  Drone x2  
  73  5:39  Overlord  
  73  5:41  Overlord x2  
  73  5:42  Overlord x3  
  73  5:48  Overlord x2  
  73  6:00  Roach x7  
  73  6:01  Glial Reconstitution  
  87  6:05  Hydralisk Den  
  87  6:08  Spore Crawler  
  70  6:28  Hydralisk Den, Spore Crawler x2  
  70  6:29  Spore Crawler  
  70  6:31  Spore Crawler  
  70  6:32  Spore Crawler x2  
  63  6:48  Drone x10  
  63  6:49  Drone x6  
  79  7:10  Hydralisk x3  
  79  7:11  Hydralisk x3  
  79  7:14  Muscular Augments  
  91  7:15  Zerg Missile Weapons Level 2  
  91  7:23  Drone  
  91  7:27  Overlord  
  91  7:28  Hydralisk x3  
  91  7:29  Hydralisk  
  100  7:44  Hydralisk x4  
  83  8:03  Hydralisk x3  
  76  8:11  Queen x2  
  73  8:27  Extractor  
  73  8:28  Extractor  
  71  8:40  Hatchery  
  69  8:47  Queen  
  71  8:51  Queen  
  71  8:55  Hydralisk  
  73  8:57  Hydralisk  
  73  8:58  Hydralisk x4  
  85  9:04  Hatchery  
  85  9:08  Hydralisk  
  86  9:23  Hydralisk  
  88  9:41  Drone  
  88  9:42  Drone x6  
  95  9:45  Drone  
  95  9:46  Drone x6  
  102  9:54  Hydralisk  
  102  9:55  Hydralisk x4  
  112  10:04  Hydralisk x2  
  116  10:09  Overlord  
  116  10:10  Overlord  
  116  10:11  Queen  
  116  10:13  Queen  
  122  10:14  Lair  
  122  10:18  Overlord  
  120  10:25  Hydralisk x3  
  125  10:50  Hydralisk  
  125  10:51  Hydralisk x5  
  137  10:58  Overlord x2  
  135  11:16  Hydralisk  
  135  11:17  Hydralisk x4  
  144  11:35  Zerg Ground Armor Level 2  
  144  11:39  Drone x11  
  158  11:40  Drone x3  
  158  11:44  Hydralisk, Hatchery  
  159  12:24  Hydralisk  
  159  12:25  Hydralisk x4  
  149  12:40  Hydralisk x2  
  149  12:41  Hydralisk x10  
  119  12:45  Hydralisk x2  
  119  12:46  Hydralisk  
  117  12:56  Hydralisk  
  117  12:57  Hydralisk x3  
  121  13:04  Drone x2  
  123  13:11  Queen  
  123  13:12  Queen x2  
  129  13:35  Drone x3  
  129  13:36  Overlord x2  
  129  13:37  Hydralisk x6  
  129  13:38  Hydralisk x3  
  150  13:44  Infestation Pit  
  149  13:51  Queen  
  143  14:21  Hatchery  
  142  14:32  Hydralisk x13  
  165  14:40  Drone  
  165  14:41  Drone x4  
  165  14:49  Hive  
  165  15:07  Extractor  
  165  15:08  Extractor  
  165  15:13  Hydralisk  
  165  15:14  Hydralisk x3  
  171  15:45  Hatchery  
  171  15:49  Infestor x3  
  176  15:57  Hydralisk x3  
  176  15:59  Overlord  
  176  16:00  Overlord  
  176  16:04  Zergling x8  
  186  16:23  Hatchery  
  186  16:24  Hydralisk x5  
  184  16:58  Drone x5  
  184  17:09  Drone x6  
  184  17:10  Drone  
  191  17:24  Hydralisk x4  
  195  17:38  Hydralisk x2  
  199  18:07  Hatchery  
  198  18:25  Overlord x2  
  198  18:42  Zerg Missile Weapons Level 3, Zerg Ground Armor Level 3  
  174  19:00  Hydralisk  
  174  19:01  Hydralisk x12  
  184  19:08  Hydralisk  
  182  19:14  Overseer  
  182  19:15  Overseer  
  176  19:22  Overseer  
  176  19:28  Drone  
  176  19:29  Drone x2  
  179  19:34  Hydralisk x7  
  193  19:43  Hydralisk x2  
  197  19:49  Spore Crawler x2  
  197  19:50  Spore Crawler  
  144  20:05  Hydralisk  
  128  20:20  Zergling x22  
  135  20:22  Queen x4  
  135  20:27  Hydralisk  
  143  20:31  Extractor  
  143  20:32  Extractor  
  143  20:34  Extractor  
  143  20:35  Extractor  
  137  20:41  Drone x4  
  133  20:57  Queen  
  132  21:04  Hydralisk x3  
  132  21:05  Hydralisk x3  
  138  21:23  Hydralisk  
  138  21:24  Hydralisk x2  
  144  21:30  Drone x5  
  149  21:36  Drone  
  149  21:37  Drone x4  
Tags
 
Add a new tag
Caveats
  • Supply blocks, unpowered buildings, or Contaminate may cause inaccurate times.
  • Supply counts are checked every 10 seconds.